 Dungeon Crawl Stone Soup version 0.19.1-1-g22dce08 (webtiles) character file.

38199 Inchmeat the Spear-Bearer (level 13, -1/109 HPs)
             Began as a Demonspawn Necromancer on Jan 3, 2017.
             Was a High Priest of Okawaru.
             Slain by Rupert
             ... wielding a +2 great sword of draining
              (11 damage)
             ... on level 4 of the Lair of Beasts.
             The game lasted 01:10:12 (21042 turns).

Inchmeat the Spear-Bearer (Demonspawn Necromancer) Turns: 21042, Time: 01:10:14

Health: -1/109     AC: 14    Str: 13    XL:     13   Next: 62%
Magic:  14/18      EV: 20    Int: 16    God:    Okawaru [*****.]
Gold:   230        SH:  8    Dex: 18    Spells: 5 memorised, 3 levels left

rFire  + . .     SeeInvis .     x - +2 trident (flame)
rCold  + . .     Gourm    .     F - +0 troll leather armour
rNeg   . . .     Faith    +     r - +2 buckler {AC+3}
rPois  .         Spirit   .     I - +2 hat
rElec  .         Reflect  .     q - +0 cloak
rCorr  .         Harm     .     R - +0 pair of gloves
MR     .....                    (no boots)
Stlth  +++.......               g - amulet of faith
                                K - +3 ring of strength
                                M - ring of protection from cold

@: about to teleport, heroism, heavily drained
A: horns 2, icy blue scales 2, blink, fire resistance 1, mutation resistance 1,
powered by death 1, flame cloud immunity, subdued magic 1
a: Blink, Heroism, Finesse, Renounce Religion


You were on level 4 of the Lair of Beasts.
You worshipped Okawaru.
Okawaru was extremely pleased with you.
You were not hungry.

You visited 2 branches of the dungeon, and saw 14 of its levels.
You also visited: Bailey.

You collected 909 gold pieces.
You spent 679 gold pieces at shops.

Inventory:

Hand Weapons
 w - the +0 executioner's axe of the Tiger {antimagic, rN++}
   (You found it in a bailey)

   It reduces the magical energy of the wielder, and disrupts the spells and
   magical abilities of those hit.
   Natural abilities and divine invocations are not affected.
   It greatly protects you from negative energy.
 x - a +2 trident of flaming (weapon)
 y - the +3 spear "Zixtitacu" {pierce, rN+ Int+6 Dex-3}
   (You acquired it on level 1 of the Lair of Beasts)

   It inflicts extra damage upon your enemies.
   It affects your intelligence (+6).
   It affects your dexterity (-3).
   It protects you from negative energy.
Missiles
 p - 8 tomahawks of returning (quivered)
Armour
 j - the +1 crystal plate armour "Tud Soole" {rPois Slay+3}
   (Okawaru gifted it to you in a bailey)

   It affects your accuracy and damage with ranged weapons and melee attacks
   (+3).
   It protects you from poison.
 q - a +0 cloak (worn)
 r - a +2 buckler of protection (worn)
 F - a +0 troll leather armour (worn)
 I - a +2 hat (worn)
 R - a +0 pair of gloves (worn)
Jewellery
 g - an amulet of faith (around neck)
 s - an uncursed ring of stealth
 C - an uncursed ring of ice
 K - a +3 ring of strength (right hand)
 M - a ring of protection from cold (left hand)
Wands
 a - a wand of acid (7/15)
 z - a wand of lightning (14/15)
 D - a wand of heal wounds (5/9)
 G - a wand of flame (29/48)
 P - a wand of random effects (30/48)
 Q - a wand of iceblast (6/15)
 T - a wand of disintegration (16/24)
 U - a wand of lightning (5/15)
 V - a wand of random effects (36/48)
Scrolls
 e - a scroll of recharging
 m - 4 scrolls of remove curse
 B - a scroll of teleportation
 H - 4 scrolls of identify
 N - 2 scrolls of amnesia
 O - a scroll of fear
Potions
 f - 2 potions of magic
 i - 2 potions of brilliance
 l - 5 potions of cancellation
 n - a potion of invisibility
 o - 6 potions of flight
 t - 4 potions of curing
 u - 2 potions of berserk rage
 v - 2 potions of might
 L - 3 potions of haste
Books
 b - a book of Necromancy

   Spells                             Type                      Level
   a - Pain                           Necromancy                   1
   b - Animate Skeleton               Necromancy                   1
   c - Vampiric Draining              Necromancy                   3
   d - Regeneration                   Charms/Necromancy            3
   e - Animate Dead                   Necromancy                   4
   f - Control Undead                 Necromancy                   4
 A - a book of Minor Magic

   Spells                             Type                      Level
   a - Magic Dart                     Conjuration                  1
   b - Blink                          Translocation                2
   c - Call Imp                       Summoning                    2
   d - Repel Missiles                 Charms/Air                   2
   e - Slow                           Hexes                        2
   f - Conjure Flame                  Conjuration/Fire             3
   g - Mephitic Cloud                 Conjuration/Poison/Air       3
 E - a book of Frost

   Spells                             Type                      Level
   a - Freeze                         Ice                          1
   b - Throw Frost                    Conjuration/Ice              2
   c - Ozocubu's Armour               Charms/Ice                   3
   d - Throw Icicle                   Conjuration/Ice              4
   e - Summon Ice Beast               Ice/Summoning                4
 J - a book of Maledictions

   Spells                             Type                      Level
   a - Corona                         Hexes                        1
   b - Ensorcelled Hibernation        Hexes/Ice                    2
   c - Confuse                        Hexes                        3
   d - Tukima's Dance                 Hexes                        3
   e - Dazzling Spray                 Conjuration/Hexes            3
Comestibles
 c - 9 bread rations
 d - 2 meat rations
 h - 14 slices of pizza
 k - 3 beef jerkies


   Skills:
 - Level 12.7(14.8) Fighting
 - Level 14.1(16.1) Polearms
 - Level 0.6(3.5) Throwing
 + Level 8.7(11.0) Dodging
 - Level 1.7(4.5) Stealth
 - Level 4.1(6.7) Shields
 - Level 2.0(0.0) Spellcasting
 + Level 2.1(0.2) Charms
 - Level 7.3(5.0) Necromancy
 - Level 7.0(4.8) Invocations
 - Level 0.4(0.0) Evocations


You had 3 spell levels left.
You knew the following spells:

 Your Spells              Type           Power        Failure   Level  Hunger
a - Pain                  Necr           ##..         3%          1    ##.....
b - Vampiric Draining     Necr           ##........   12%         3    ####...
c - Regeneration          Chrm/Necr      #.........   30%         3    ####...
d - Animate Dead          Necr           N/A          34%         4    #####..
e - Repel Missiles        Chrm/Air       #.....       45%         2    ###....


Dungeon Overview and Level Annotations

Branches:
Dungeon (10/15)            Temple (0/1) D:7            Lair (4/6) D:10
  Swamp (0/4) Lair:2          Orc (0/2) D:10
  Snake: Lair:2-4    Spider: Lair:2-4

Altars:
Ashenzari
Cheibriados
Fedhas
Kikubaaqudgha
Nemelex Xobeh
Okawaru
Qazlal
Ru
Xom
The Shining One

Shops:
D:5 ![?[

Annotations:
D:4 Rodnoix's ghost, amateur MiFi
Lair:4 Rupert


Innate Abilities, Weirdness & Mutations

You have a pair of horns on your head.
You are mostly covered in icy blue scales. (AC +3)
Your flesh is heat resistant. (rF+)
You regenerate a little health from kills.
You are immune to clouds of flame.
You can translocate small distances at will.
You are somewhat resistant to further mutation.
Your spells are a little easier to cast, but a little less powerful.


Message History

You feel drained.
Something gores the bullfrog.
The bullfrog hits something.
The bullfrog hits something but does no damage.
Something gores the bullfrog!
The bullfrog dies!
Okawaru accepts your kill.
Rupert hits you with a great sword of draining!!
You feel drained.
You feel much better.
Rupert hits you with a great sword of draining!!
You feel drained.
You blink.
You feel slightly more hungry.
A porcupine comes into view.
As you read the scroll of teleportation, it crumbles to dust.
You feel strangely unstable.
Your yak zombie seems less confused.
Rupert hits you with a great sword of draining!!
* * * LOW HITPOINT WARNING * * *
You feel drained.
You die...

.....## .##.......
..[..###.........
................
##...............
#...# ...........
#r.Z# #........
#..## ##.....##
##.## ##...##
##@#.#######..###
#..@.#P.##......#
#..#.......P#..##
#...##.####.####.#
#### ### ### ##


You could see Rupert (berserk), a porcupine and a friendly yak zombie.

Vanquished Creatures
  Gastronok (D:10)
  Fannar (D:10)
  A hydra (Lair:3)
  A catoblepas (Lair:4)
  Pikel (D:9)
  2 black mambas
  2 spiny frogs
  2 komodo dragons
  2 trolls (D:10)
  2 two-headed ogres
  2 dream sheep (Lair:4)
  3 blink frogs (Lair:2)
  3 hippogriffs
  A vampire (D:10)
  Eustachio (D:5)
  3 hogs
  A human (D:7)
  Grum (Lair:1)
  13 yaks
  2 basilisks
  5 water moccasins
  5 porcupines
  12 orc warriors
  A black bear (D:6)
  14 wolves
  2 ogres
  2 necrophages (D:9)
  10 centaurs
  4 crocodiles
  A big kobold (D:8)
  9 bullfrogs
  A scorpion (D:10)
  3 wights (D:9)
  A howler monkey (D:10)
  8 electric eels
  5 crimson imps
  A bullfrog zombie (D:9)
  4 jellies
  5 orc priests
  5 hounds
  A gnoll shaman (D:3)
  2 centaur skeletons
  11 orc wizards
  2 iguanas
  3 worker ants
  A hound skeleton (D:8)
  A worker ant zombie (D:8)
  15 adders
  14 gnolls
  An ooze (shapeshifter) (D:3)
  An ooze (D:3)
  3 adder skeletons
  A worm (D:3)
  3 dart slugs
  4 leopard geckos
  43 orcs
  5 giant cockroaches
  10 goblins
  7 hobgoblins
  15 jackals
  11 kobolds
  2 quokkas
  A ball python (D:2)
  9 bats
  5 frilled lizards
  A jackal skeleton (D:5)
  A quokka skeleton (D:4)
  10 rats
326 creatures vanquished.

Vanquished Creatures (collateral kills)
  A spiny frog (Lair:1)
  2 dream sheep (Lair:4)
  A yak (Lair:1)
  A water moccasin (Lair:1)
  2 wolves (D:10)
  A bullfrog (Lair:4)
  A jelly (D:10)
  A hound (D:10)
10 creatures vanquished.

Vanquished Creatures (others)
  A slave (D:9)
  An adder skeleton (D:9)
  A leopard gecko (D:9)
  An orc (D:9)
4 creatures vanquished.

Grand Total: 340 creatures vanquished

Notes
Turn   | Place    | Note
-------+----------+-------------------------------------------
     0 | D:1      | Inchmeat the Demonspawn Necromancer began the quest for the Orb.
     0 | D:1      | Reached XP level 1. HP: 13/13 MP: 3/3
   353 | D:1      | Gained mutation: You are partially covered in icy blue scales. (AC +2) [demonic ancestry]
   353 | D:1      | Reached XP level 2. HP: 13/19 MP: 0/5
   510 | D:1      | Reached skill level 5 in Necromancy
  1164 | D:1      | Reached XP level 3. HP: 16/24 MP: 3/6
  2009 | D:2      | Reached XP level 4. HP: 25/30 MP: 1/7
  2682 | D:2      | Found a shimmering altar of Xom.
  3495 | D:3      | Learned a level 3 spell: Vampiric Draining
  3499 | D:3      | Learned a level 3 spell: Regeneration
  3696 | D:3      | Noticed a bullfrog
  3696 | D:3      | an ooze changed into a bullfrog
  3697 | D:3      | a bullfrog changed into an ooze
  3724 | D:3      | Found a faded altar of an unknown god.
  3778 | D:3      | Gained mutation: You are mostly covered in icy blue scales. (AC +3) [demonic ancestry]
  3778 | D:3      | Reached XP level 5. HP: 10/35 MP: 2/8
  4320 | D:4      | Found a stormy altar of Qazlal.
  4323 | D:4      | Found a glowing golden altar of the Shining One.
  4327 | D:4      | Found a sacrificial altar of Ru.
  4328 | D:4      | Found a shimmering altar of Xom.
  4329 | D:4      | Found a blossoming altar of Fedhas.
  4329 | D:4      | Found a sparkling altar of Nemelex Xobeh.
  4329 | D:4      | Found a snail-covered altar of Cheibriados.
  4329 | D:4      | Found an iron altar of Okawaru.
  4330 | D:4      | Found a shattered altar of Ashenzari.
  4334 | D:4      | Found an ancient bone altar of Kikubaaqudgha.
  4342 | D:4      | Became a worshipper of Warmaster Okawaru
  4754 | D:3      | Reached skill level 1 in Polearms
  4894 | D:4      | Reached skill level 2 in Polearms
  4934 | D:4      | Reached XP level 6. HP: 24/41 MP: 4/9
  5399 | D:4      | Noticed Rodnoix's ghost (amateur MiFi)
  5742 | D:5      | Entered Level 5 of the Dungeon
  5745 | D:5      | Reached skill level 3 in Polearms
  5754 | D:5      | Noticed Eustachio
  5769 | D:5      | Killed Eustachio
  5769 | D:5      | Reached skill level 4 in Polearms
  5972 | D:5      | Reached XP level 7. HP: 40/46 MP: 5/10
  5994 | D:5      | Reached * piety under Okawaru
  6355 | D:5      | Found a blossoming altar of Fedhas.
  6460 | D:5      | Found Emimna's Distillery.
  6466 | D:5      | Found Fopnumur's Magic Scroll Boutique.
  6467 | D:5      | Found Qywavoh's Armour Boutique.
  6474 | D:5      | Found Dimofi Mera's Armour Boutique.
  6482 | D:5      | Bought a scroll of identify for 24 gold pieces
  6482 | D:5      | Bought a scroll of identify for 24 gold pieces
  6482 | D:5      | Bought a scroll of identify for 24 gold pieces
  6482 | D:5      | Bought a scroll of identify for 24 gold pieces
  6585 | D:5      | Bought a potion of curing for 33 gold pieces
  6703 | D:5      | Gained mutation: You can translocate small distances at will. [potion of beneficial mutation]
  6766 | D:5      | Reached skill level 5 in Polearms
  6902 | D:6      | Reached skill level 1 in Charms
  7021 | D:6      | Reached skill level 6 in Polearms
  7202 | D:6      | Reached ** piety under Okawaru
  7474 | D:6      | Reached skill level 1 in Shields
  7474 | D:6      | Gained mutation: Your flesh is heat resistant. (rF+) [demonic ancestry]
  7474 | D:6      | Reached XP level 8. HP: 38/52 MP: 2/11
  7764 | D:6      | Reached skill level 7 in Polearms
  8260 | D:7      | Found a staircase to the Ecumenical Temple.
  8979 | D:6      | Reached *** piety under Okawaru
  8979 | D:6      | Reached skill level 8 in Polearms
  9231 | D:7      | Reached skill level 9 in Polearms
  9251 | D:7      | Gained mutation: You are immune to clouds of flame. [demonic ancestry]
  9251 | D:7      | Reached XP level 9. HP: 41/57 MP: 3/12
 10113 | D:8      | Reached **** piety under Okawaru
 10311 | D:8      | Reached skill level 10 in Polearms
 10311 | D:8      | Reached skill level 1 in Invocations
 10323 | D:8      | Learned a level 4 spell: Animate Dead
 10488 | D:8      | Found a stormy altar of Qazlal.
 10867 | D:9      | Found a flagged portal.
 10900 | D:9      | Noticed Pikel
 10930 | D:9      | Killed Pikel
 11036 | Bailey   | Entered a bailey
 11073 | Bailey   | Reached ***** piety under Okawaru
 11398 | Bailey   | Reached skill level 11 in Polearms
 11834 | Bailey   | Gained mutation: You have a pair of small horns on your head. [demonic ancestry]
 11834 | Bailey   | Reached XP level 10. HP: 47/63 MP: 7/13
 12660 | Bailey   | Gained mutation: Your spells are a little easier to cast, but a little less powerful. [potion of mutation]
 12660 | Bailey   | Gained mutation: You have a pair of horns on your head. [potion of mutation]
 12660 | Bailey   | Gained mutation: You are somewhat resistant to further mutation. [potion of mutation]
 13200 | Bailey   | Received a gift from Okawaru
 13780 | Bailey   | Got a faintly humming crystal plate armour {god gift}
 13791 | Bailey   | Identified the +1 crystal plate armour "Tud Soole" {rPois Slay+3} (Okawaru gifted it to you in a bailey)
 14236 | Bailey   | Got a brightly glowing executioner's axe
 14578 | Bailey   | Identified the cursed +0 executioner's axe of the Tiger {antimagic, rN++} (You found it in a bailey)
 14581 | Bailey   | Reached XP level 11. HP: 96/96 MP: 4/14
 15280 | D:9      | Reached skill level 12 in Polearms
 15398 | D:10     | Entered Level 10 of the Dungeon
 15482 | D:10     | Noticed Fannar
 15525 | D:10     | Killed Fannar
 15821 | D:10     | Noticed Gastronok
 15843 | D:10     | Killed Gastronok
 15905 | D:10     | Found a staircase to the Orcish Mines.
 16143 | D:10     | Learned a level 2 spell: Repel Missiles
 16211 | D:10     | Reached skill level 13 in Polearms
 16995 | D:10     | Found a staircase to the Lair.
 17387 | D:10     | Received a gift from Okawaru
 17403 | D:10     | Gained mutation: You regenerate a little health from kills. [demonic ancestry]
 17403 | D:10     | Reached XP level 12. HP: 68/103 MP: 9/15
 17488 | Lair:1   | Entered Level 1 of the Lair of Beasts
 17524 | Lair:1   | Reached skill level 5 in Invocations
 17882 | Lair:1   | Received a gift from Okawaru
 17911 | Lair:1   | Identified a scroll of acquirement
 17912 | Lair:1   | Got an iridescent spear
 17913 | Lair:1   | Identified the +3 spear "Zixtitacu" {pierce, rN+ Int+6 Dex-3} (You acquired it on level 1 of the Lair of Beasts)
 18272 | Lair:1   | Noticed Grum
 18295 | Lair:1   | Reached skill level 14 in Polearms
 18309 | Lair:1   | Killed Grum
 19065 | Lair:2   | Found a staircase to the Swamp.
 19777 | D:5      | Bought a potion of experience for 550 gold pieces
 19777 | D:5      | Reached XP level 13. HP: 109/109 MP: 18/18
 21007 | Lair:4   | Noticed Rupert
 21042 | Lair:4   | Slain by Rupert

Skill      XL: |  1  2  3  4  5  6  7  8  9 10 11 12 13 |
---------------+----------------------------------------+-----
Necromancy     | 5 6 7 |  7.3
Polearms       | 2 4 6 9 11 13 14 | 14.1
Charms         | 1 2 |  2.1
Shields        | 1 2 4 |  4.1
Invocations    | 1 2 4 7 |  7.0
Fighting       | 12 | 12.7
Dodging        | 7 8 |  8.7
Throwing       | |  0.6
Stealth        | |  1.7
Spellcasting   | |  2.0
Evocations     | |  0.4

Action                   |  1- 3 |  4- 6 |  7- 9 | 10-12 | 13-15 || total
-------------------------+-------+-------+-------+-------+-------++-------
Melee: Unarmed           |    18 |       |       |       |       ||    18
       Dagger            |     3 |     5 |       |       |       ||     8
       Spear             |       |    57 |       |       |       ||    57
       Trident           |       |    37 |   321 |   458 |   125 ||   941
       Headbutt          |       |       |       |    87 |    30 ||   117
       Punch             |       |       |       |     1 |       ||     1
Throw: Tomahawk          |       |       |       |     4 |       ||     4
 Cast: Pain              |    60 |    76 |   189 |   205 |    23 ||   553
       Regeneration      |       |     2 |    14 |    26 |     2 ||    44
       Vampiric Draining |       |     1 |     4 |     3 |       ||     8
       Animate Dead      |       |       |       |    13 |     4 ||    17
       Repel Missiles    |       |       |       |     1 |       ||     1
Invok: Heroism           |       |       |     5 |    17 |     5 ||    27
       Finesse           |       |       |       |     1 |     1 ||     2
 Abil: Blink             |       |       |       |       |     1 ||     1
Evoke: Wand              |       |       |       |     2 |       ||     2
  Use: Scroll            |     4 |     4 |    12 |    13 |     3 ||    36
       Potion            |       |     2 |     4 |     8 |     1 ||    15
 Stab: Distracted        |     1 |       |       |     1 |       ||     2
       Sleeping          |     2 |     5 |     6 |       |       ||    13
       Petrified         |       |     7 |       |       |       ||     7
       Invisible         |       |       |     4 |       |       ||     4
  Eat: Chunk             |     4 |     9 |    22 |    24 |       ||    59
       Bread ration      |       |     1 |     1 |       |       ||     2
       Meat ration       |       |       |       |     3 |     1 ||     4
Armor: Robe              |    15 |    29 |    38 |       |       ||    82
       Leather armour    |       |       |    66 |    49 |       ||   115
       Troll leather arm |       |       |       |    51 |    23 ||    74
Dodge: Dodged            |    26 |    88 |   198 |   247 |    78 ||   637
       Deflected         |       |       |       |     1 |       ||     1
Block: Buckler           |       |       |    50 |    75 |    30 ||   155
